 Dungeon Crawl Stone Soup version 0.31-a0-430-gf8416d752b (webtiles) character file.

Game seed: 8724144353323672743

56 Ethylacetat the Insei (level 3, -3/29 HPs)
             Began as a Demigod Shapeshifter on July 31, 2023.
             Slain by Sigmund
             ... wielding a +0 scythe
              (10 damage)
             ... on level 2 of the Dungeon.
             The game lasted 00:02:17 (1195 turns).

Ethylacetat the Insei (Demigod Shapeshifter)        Turns: 1195, Time: 00:02:18

Health: -3/29      AC:  2    Str: 16    XL:     3   Next: 48%
Magic:  5/5        EV: 17    Int: 10    God:
Gold:   56         SH:  0    Dex: 18    Spells: 2/2 levels left

rFire   . .          .
                       - Unarmed
rCold   . . .        (no shield)
rNeg    . . .        a - +0 animal skin
rPois   .            (helmet currently unavailable)
rElec   .            (cloak currently unavailable)
rCorr   .            (gloves currently unavailable)
SInv    .            (boots currently unavailable)
Will    .....        (no amulet)
Stlth   ++           e - +5 ring of evasion
HPRegen 0.24/turn    p - +4 ring of slaying
MPRegen 0.09/turn

%: no passive effects
@: beast-form
A: beast (slay +2), high MP 1, forlorn, divine attributes
a: Begin Untransformation


You were on level 2 of the Dungeon.
You were a hulking beast.
You visited 1 branch of the dungeon, and saw 2 of its levels.

You collected 56 gold pieces.

Inventory:

Armour
 a - a +0 animal skin (worn)
Jewellery
 e - a +5 ring of evasion (left hand)
 f - a +4 ring of protection
 o - a ring of protection from cold
 p - a +4 ring of slaying (right hand)
Talismans
 c - a beast talisman (active)
Wands
 l - a wand of roots (7)
Scrolls
 d - a scroll of blinking {unknown}
 h - a scroll of teleportation {unknown}
 i - a scroll of enchant weapon {unknown}
 j - a scroll of brand weapon {unknown}
 k - a scroll of enchant armour {unknown}
 n - 3 scrolls of butterflies {unknown}
Potions
 b - a potion of lignification
 g - a potion of haste {unknown}
 m - a potion of brilliance {unknown}


   Skills:
 + Level 1.6 Fighting
 - Level 2.2 Dodging
 + Level 3.1 Unarmed Combat
 * Level 3.1 Shapeshifting


You had 2 spell levels left.
You didn't know any spells.
Your spell library was empty.

Dungeon Overview and Level Annotations

Branches:
Dungeon (2/15)

Annotations:
D:2 Sigmund


Innate Abilities, Weirdness & Mutations

You are a hulking beast.
Your limbs bulge with bestial killing power. (Slay +2)
You have an increased reservoir of magic. (+10% MP)
You shall have no god before yourself.
Your divine heritage dramatically boosts your attributes as you level up.


Message History

You kill the ball python!
No target in view!
No target in view!
n - 3 scrolls labelled SONGUR MUTWUSE (gained 2)
There is an escape hatch in the floor here.
You now have 56 gold pieces (gained 8).
A quokka comes into view.
Nothing quivered!
A quokka is nearby!
Sigmund and a kobold come into view.
An endoplasm comes into view.
Found a stone staircase leading up.
Sigmund casts a spell.
Sigmund flickers and vanishes!
Deactivating autopickup; reactivate with Ctrl-A.
The kobold shouts!
Found 12 gold pieces.
The endoplasm quivers.
You hit the quokka.
You kill the quokka!
The kobold throws a stone.
The stone misses you.
A rat comes into view.
Something hits you!
The kobold throws a stone.
The stone hits you.
You see here a quokka corpse.
The endoplasm misses you.
The kobold throws a stone.
The stone hits you but does no damage.
You hear some strange, mumbled words.
A magic dart appears from out of thin air!
The magic dart hits you.
You are too injured to fight recklessly!
You are too injured to fight recklessly!
You are too injured to fight recklessly!
You hit something. The endoplasm closely misses you.
The kobold throws a stone.
The stone closely misses you.
You hear some strange, mumbled words.
A magic dart appears from out of thin air!
The magic dart hits you.
* * * LOW HITPOINT WARNING * * *
You punch something! The endoplasm closely misses you. Something hits you!
You die...

#.....# #.....# #.....# #.....#
### #.....# #.. #.r...# ###
#J{K.<# ♣♣.♣♣ #.h..$# ♣♣...♣
#.†...# ♣....♣ ### ### ##.####
.... ..## #.# #.# ##..# ###
...## #.# #.# #...###.## ....##
#.# #.# ##..##.... .....# #.#
###.# ####.......## ....># #.#
#...####.....###.##
.....#####.###........##..#...#


You could see an endoplasm, a kobold and a rat.

Vanquished Creatures
  An adder (D:2)
  3 endoplasms
  A giant cockroach (D:1)
  6 goblins
  8 hobgoblins
  3 kobolds
  2 quokkas
  5 ball pythons
  5 bats
  6 frilled lizards
  3 rats (D:1)
43 creatures vanquished.

Notes
Turn   | Place    | Note
-------+----------+-------------------------------------------
     0 | D:1      | Ethylacetat the Demigod Shapeshifter began the quest for
                  | the Orb.
     0 | D:1      | Reached XP level 1. HP: 15/15 MP: 3/3
    78 | D:1      | Reached skill level 1 in Fighting
   281 | D:1      | Reached XP level 2. HP: 23/23 MP: 4/4
   818 | D:2      | Reached XP level 3. HP: 25/28 MP: 5/5
  1188 | D:2      | Noticed Sigmund
  1195 | D:2      | Slain by Sigmund

Illustrated notes

Levels and vault maps discovered:
D:1:      onia_arrival_mini_maze_b, layout_loops_cross,
          shapermc_ecumenical_altar_hornbeckon, supply_closet_lemuel
D:2:      layout_rooms, basic_altar, uniq_sigmund, uniq_crazy_yiuf_cottage

Skill      XL: |  1  2  3 |
---------------+----------+-----
Fighting       | 1 |  1.6
Dodging        | 2 |  2.2
Unarmed Combat | 3 |  3.1
Shapeshifting  | 3 |  3.1

Action                     || total
---------------------------++-------
  Melee: Unarmed           ||   110
         Punch             ||     2
   Stab: Sleeping          ||     2
 Armour: Animal skin       ||    13
  Dodge: Dodged            ||    84

Table legend: (Time is in decaauts)
 A = Elapsed time spent in this place.
 B = Non-inter-level travel time spent in this place.
 C = Inter-level travel time spent in this place.
 D = Time resting spent in this place.
 E = Time spent auto-exploring this place.
 F = Levels seen in this place.
 G = Mean time per level.
                   A        B        C        D        E       F      G
               +--------+--------+--------+--------+--------+-----+--------+
         Total |   1195 |   1179 |     16 |      0 |    933 |   2 |  597.5 |
       Dungeon |   1195 |   1179 |     16 |      0 |    933 |   2 |  597.5 |
               +--------+--------+--------+--------+--------+-----+--------+

Top non-repeatable levels by time:
     D:1: 801 daAuts
     D:2: 393 daAuts
